cohdb
Replays
Latest Replays
All Replays
Popular Replays
Top Player Replays
Match Explorer
How It Works
Community
CoH3 Stats
Reddit
Sign in to upload your games and track your stats! →
Sign in with Steam
Match 44169039
Unlisted
Match 44169039
Overview
Messages
Build Orders
End
Panzerpioneer Squad
Selects Armored Support Battlegroup
Kradschützen Motorcycle Team
Panzergrenadier Squad
Panzergrenadier Squad
Construct Light Support Kompanie
Fire Support Elements
MG34 Team
Selects Superior Fire Drills
Veteran Squad Leaders
Flakvierling Half-track
Assault Mechanized Group
Pak 38 Anti-tank Gun Team
2.5-tonne Medical Truck
Pak 38 Anti-tank Gun Team
GenObi
Legionary
0
0
Comments
sign in to comment!
No comments posted yet!